Map: 아이스 앤 크롬 - 래더

Players

LiquidMaNa (MaNa)

  • Race: Protoss Protoss
  • Spawn Location: 1:00

Stats - Winner!

  • Race: Protoss Protoss
  • Spawn Location: 7:00

Event: StayAtHomestory Cup #2

VOD

Have the link to the VOD?

Description

Time

  • Played on: June 11, 2020, 11:43 a.m.
  • Length: 11:01

All games in this series

Show
View Real Time Build Order
Export as new Build Order

LiquidMaNa Protoss 

Build Orders: Phoenix Opening, Blink Stalkers 

Get SALT Encoding   

  12  0:00  Probe  
  13  0:12  Probe  
  14  0:18  Pylon  
  14  0:24  Probe  
  15  0:32  Probe  
  15  0:38  Gateway  
  15  0:40  Probe  
  16  0:46  Assimilator  
  17  0:51  Probe  
  17  0:54  Assimilator  
  18  0:59  Probe  
  19  1:07  Probe, Gateway  
  19  1:17  Probe  
  21  1:26  Cybernetics Core  
  21  1:29  Probe  
  22  1:34  Pylon  
  22  1:42  Probe  
  23  1:53  Warp Gate  
  23  1:54  Probe  
  24  2:02  Stalker x2  
  24  2:06  Probe  
  29  2:14  Pylon  
  29  2:18  Probe  
  30  2:33  Sentry x2  
  33  2:50  Nexus  
  33  2:52  Shield Battery  
  34  2:59  Sentry  
  35  3:06  Pylon  
  35  3:07  Phoenix  
  35  3:08  Probe  
  35  3:10  Stalker  
  38  3:18  Probe  
  38  3:26  Twilight Council  
  38  3:27  Probe  
  40  3:35  Probe  
  40  3:38  Forge  
  41  3:45  Stalker  
  44  3:48  Probe  
  44  3:56  Stalker  
  44  3:57  Blink  
  44  4:00  Probe  
  47  4:10  Probe  
  47  4:16  Pylon  
  48  4:19  Probe, Phoenix, Protoss Ground Weapons Level 1  
  48  4:22  Probe  
  50  4:28  Pylon  
  48  4:31  Probe  
  48  4:34  Probe  
  48  4:41  Probe  
  49  4:46  Probe  
  49  4:49  Probe  
  50  4:53  Pylon  
  50  4:57  Probe  
  50  4:58  Probe, Stalker x2  
  50  5:05  Probe  
  50  5:10  Probe  
  50  5:13  Probe  
  53  5:21  Probe  
  53  5:24  Probe  
  53  5:25  Stalker x2  
  59  5:29  Probe  
  59  5:34  Assimilator  
  60  5:36  Probe  
  60  5:37  Probe, Pylon  
  62  5:50  Robotics Facility  
  62  5:51  Pylon  
  62  5:55  Probe x2  
  64  5:57  Assimilator  
  64  6:00  Phoenix  
  64  6:07  Protoss Ground Weapons Level 2, Probe x2  
  66  6:13  Stalker x2  
  70  6:18  Gateway  
  70  6:19  Probe x2  
  70  6:24  Gateway  
  72  6:31  Observer, Probe  
  73  6:34  Probe  
  75  6:40  Pylon  
  75  6:42  Stalker  
  75  6:43  Probe  
  78  6:51  Gateway  
  78  6:52  Gateway  
  78  7:09  Stalker x2  
  78  7:12  Pylon, Shield Battery  
  78  7:14  Pylon  
  82  7:20  Stalker x2  
  86  7:31  Observer  
  86  7:33  Stalker x2  
  91  7:38  Robotics Bay  
  91  7:41  Robotics Facility  
  91  7:51  Stalker x3  
  93  7:56  Observer  
  97  8:02  Observer  
  81  8:13  Stalker x3  
  81  8:15  Stalker x3  
  81  8:19  Disruptor  
  91  8:25  Disruptor  
  96  8:34  Photon Cannon  
  92  8:54  Disruptor  
  95  8:59  Nexus  
  95  9:00  Disruptor  
  98  9:06  Pylon  
  98  9:08  Pylon  
  98  9:11  Stalker  
  100  9:21  Stalker x2  
  102  9:25  Gravitic Drive  
  101  9:38  Observer, Warp Prism  
  104  9:48  Stalker x2  
  104  9:49  Stalker  
  110  10:01  Pylon  
  110  10:03  Stalker x2  
  114  10:12  Observer  
  115  10:15  Probe x3  
  107  10:36  Stalker x6  
Show
View Real Time Build Order
Export as new Build Order

Stats Protoss - Winner!

Build Orders: Archon Immortal 

Get SALT Encoding   

  12  0:01  Probe  
  13  0:13  Probe  
  14  0:17  Pylon  
  14  0:24  Probe  
  15  0:32  Probe  
  15  0:37  Gateway  
  15  0:40  Probe  
  16  0:46  Assimilator  
  17  0:51  Probe  
  17  0:55  Assimilator  
  18  1:00  Probe  
  19  1:07  Gateway  
  19  1:08  Probe  
  19  1:17  Probe  
  20  1:24  Cybernetics Core  
  21  1:30  Probe  
  22  1:34  Pylon  
  22  1:42  Probe  
  23  1:50  Warp Gate  
  23  1:54  Probe  
  24  2:00  Adept x2  
  28  2:07  Pylon  
  28  2:13  Shield Battery  
  28  2:30  Adept x2  
  31  2:45  Nexus  
  31  2:50  Pylon  
  31  3:00  Adept  
  31  3:01  Adept  
  35  3:07  Probe  
  36  3:15  Robotics Facility  
  36  3:19  Probe  
  37  3:30  Shield Battery  
  37  3:35  Probe  
  37  3:39  Adept  
  37  3:40  Adept  
  42  3:47  Probe  
  43  3:53  Probe  
  43  3:55  Probe  
  43  4:00  Sentry  
  43  4:01  Sentry, Probe  
  49  4:03  Probe  
  49  4:05  Observer  
  52  4:11  Probe  
  52  4:14  Probe  
  54  4:23  Probe  
  55  4:24  Sentry x2  
  55  4:26  Probe  
  55  4:28  Immortal  
  62  4:41  Probe x2  
  62  4:46  Pylon  
  62  4:49  Pylon  
  62  4:58  Immortal, Probe x2  
  62  5:01  Observer  
  58  5:10  Forge  
  58  5:11  Probe x2  
  58  5:13  Twilight Council  
  64  5:19  Assimilator  
  64  5:23  Probe x2  
  66  5:29  Assimilator  
  66  5:30  Shield Battery  
  66  5:33  Protoss Ground Weapons Level 1  
  66  5:36  Immortal, Probe  
  66  5:37  Probe  
  72  5:52  Observer, Stalker x2  
  76  6:00  Charge, Gateway  
  76  6:02  Gateway  
  76  6:09  Gateway x2  
  72  6:20  Warp Prism  
  72  6:24  Pylon  
  74  6:26  Pylon  
  74  6:33  Gateway  
  74  6:36  Gateway  
  74  6:45  Templar Archives  
  74  6:58  Zealot x4  
  80  7:09  Pylon  
  80  7:16  Zealot x2  
  82  7:30  High Templar x4  
  82  7:33  Nexus  
  82  7:34  Archon  
  82  7:35  Archon  
  82  7:37  Zealot x2  
  94  7:46  Pylon  
  94  7:47  Pylon  
  94  7:49  Pylon  
  94  8:04  Warp Prism  
  94  8:05  Protoss Ground Weapons Level 2  
  90  8:09  High Templar x2  
  88  8:15  Archon, Zealot x6  
  100  8:25  Pylon  
  100  8:30  Stargate  
  100  8:31  Immortal  
  98  8:53  High Templar x2  
  98  8:54  Zealot x4  
  110  8:57  Immortal  
  110  8:58  Archon  
  108  9:12  Phoenix  
  108  9:14  Probe x2  
  108  9:15  Probe  
  117  9:23  Phoenix  
  115  9:30  Phoenix  
  111  9:42  Probe x3  
  111  9:43  Immortal  
  118  9:53  Assimilator x2  
  118  9:54  Probe x2  
  118  9:55  Probe, Pylon  
  121  10:00  Phoenix  
  123  10:09  Zealot x3  
  123  10:13  High Templar x2  
  133  10:14  Zealot x3  
  133  10:16  Probe x3  
  133  10:20  Archon  
  142  10:28  Phoenix  
  112  10:43  Zealot x6  
  120  10:54  Zealot x2  
Tags
 
Add a new tag
Caveats
  • Supply blocks, unpowered buildings, or Contaminate may cause inaccurate times.
  • Supply counts are checked every 10 seconds.